 Dungeon Crawl Stone Soup version 0.30-a0-534-gdc55766716 (webtiles) character file.

Game seed: 18013069024580519210

3246 drugrobin the Carver (level 9, -3/68 HPs)
             Began as a Demigod Delver on Dec 24, 2022.
             Slain by an unseen horror (6 damage)
             ... on level 9 of the Dungeon.
             The game lasted 00:21:20 (8642 turns).

drugrobin the Carver (Demigod Delver)               Turns: 8642, Time: 00:21:20

Health: -3/68      AC:  7    Str: 21    XL:     9   Next: 40%
Magic:  20/20      EV: 12    Int: 12    God:
Gold:   202        SH:  0    Dex: 19    Spells: 6/8 levels left

rFire   + . .      SeeInvis .    a - +3 double sword (holy)
rCold   . . .      Faith    .    (no shield)
rNeg    . . .      Spirit   .    l - +0 leather armour
rPois   .          Reflect  .    o - +0 helmet
rElec   .          Harm     .    C - +0 cloak
rCorr   .          Rampage  .    E - +1 pair of gloves of Conscience {rF+ Stlth+}
Will    .....                    (no boots)
Stlth   ++++                     (no amulet)
HPRegen 0.31/turn                q - ring of magical power
MPRegen 0.17/turn                (no ring)

@: no status effects
A: high MP 1, forlorn, divine attributes
a: no special abilities


You were on level 9 of the Dungeon.
You visited 1 branch of the dungeon, and saw 9 of its levels.

You collected 477 gold pieces.
You spent 275 gold pieces at shops.

Inventory:

Hand Weapons
 a - a +3 double sword of holy wrath (weapon)
 b - a +2 shortbow of draining
 c - a +2 dagger of venom
 n - a +0 falchion
 J - a +0 sling
 N - a +0 arbalest
Missiles
 h - 54 stones (quivered)
 k - 7 curare-tipped darts
 G - 2 boomerangs
 M - a throwing net
Armour
 l - a +0 leather armour (worn)
 o - a +0 helmet (worn)
 C - a +0 cloak (worn)
 E - the +1 pair of gloves of Conscience (worn) {rF+ Stlth+}
   (You bought it in a shop on level 6 of the Dungeon)

   rF:        It protects you from fire.
   Stlth:     It makes you more stealthy.
Magical Staves
 y - a staff of death
Jewellery
 q - a ring of magical power (left hand)
 I - a ring of willpower
Wands
 g - a wand of digging (3)
 r - a wand of acid (4)
 B - a wand of iceblast (4)
Scrolls
 d - a scroll of magic mapping
 e - a scroll of fear
 i - 4 scrolls of blinking {unknown}
 j - 4 scrolls of teleportation
 m - 3 scrolls of poison {unknown}
 p - 3 scrolls of immolation {unknown}
 s - a scroll of silence {unknown}
 t - 4 scrolls of identify
 v - a scroll of amnesia {unknown}
 w - a scroll of butterflies {unknown}
 z - a scroll of noise {unknown}
 D - a scroll of vulnerability {unknown}
 L - 3 scrolls of fog
Potions
 f - a potion of haste
 u - a potion of invisibility
 x - a potion of ambrosia
 A - a potion of brilliance
 F - 2 potions of magic {unknown}
 H - a potion of heal wounds {unknown}
 K - a potion of mutation {unknown}


   Skills:
 - Level 2.6 Fighting
 * Level 12.6 Long Blades
 - Level 1.7 Dodging
 - Level 4.5 Stealth


You had 6 spell levels left.
You knew the following spells:

 Your Spells              Type           Power      Damage    Failure   Level
a - Blink                 Tloc           0%         N/A       50%         2

Your spell library contained the following spells:

 Spells                   Type           Power      Damage    Failure   Level
 Kiss of Death            Conj/Necr      0%         2d5       36%         1
 Slow                     Hex            0%         N/A       36%         1
 Momentum Strike          Conj/Tloc      0%         3d8       50%         2
 Confusing Touch          Hex            0%         N/A       75%         3
 Ignite Poison            Fire/Tmut/Pois 0%         N/A       75%         3
 Lesser Beckoning         Tloc           0%         N/A       75%         3
 Portal Projectile        Hex/Tloc       0%         N/A       75%         3
 Tukima's Dance           Hex            0%         N/A       75%         3
 Vampiric Draining        Necr           0%         2d6       75%         3
 Dispel Undead            Necr           0%         3d6       98%         4
 Sticky Flame             Conj/Fire      0%         2d3       98%         4
 Blade Hands              Tmut           0%         N/A       100%        5
 Ignition                 Fire           0%         3d3       100%        8


Dungeon Overview and Level Annotations

Branches:
Dungeon (9/15)             Temple (0/1) D:5
   Lair: D:8-11         Orc: D:9-12

Shops:
D:6 [


Innate Abilities, Weirdness & Mutations

You have an increased reservoir of magic. (+10% MP)
You shall have no god before yourself.
Your divine heritage dramatically boosts your attributes as you level up.


Message History

Unknown command.
Unknown command.
Unknown command.
Unknown command.
Unknown command.
Unknown command.
Aiming: Iceblast
Press: ? - help, Shift-Dir - straight line The mass of ice explodes!
The iceblast engulfs something!
You hear a shout! x4
Something hits you!
* * * LOW HITPOINT WARNING * * *
Unknown command.
Unknown command.
Unknown command.
Unknown command.
Unknown command.
Unknown command.
Unknown command.
Okay, then.
Unknown command.
Unknown command.
You closely miss something. Something hits you but does no damage.
Something hits you.
* * * LOW HITPOINT WARNING * * *
Unknown command.
Unknown command.
Unknown command.
Unknown command.
Unknown command.
Unknown command.
Your movement speed is average.
Your attack delay is about 0.8.
Your damage rating with your +3 double sword of holy wrath is about 27 (Base 15 x 122% (Dex) x 130% (Skill) + 3 (Ench)).
Unknown command.
Unknown command.
Unknown command.
Unknown command.
Unknown command.
You barely miss something. Something hits you.
You die...

# ###.######.##.#
#K.K........... #K
#.# #K #K# #K #@# #K
#{#
######.#####.#######
y.........<.........
##################.#


You could see a kobold.

Vanquished Creatures
  A two-headed ogre (D:8)
  A hornet (D:8)
  2 steam dragons
  A water moccasin (D:7)
  A black bear (D:6)
  2 ice beasts
  2 sky beasts
  A centaur (D:8)
  A bullfrog (D:7)
  A necrophage (D:5)
  3 scorpions
  3 wights (D:6)
  3 killer bees (D:8)
  6 hounds
  2 jellies
  A gnoll bouda (D:8)
  6 orc priests
  3 iguanas
  9 orc wizards
  Ijyb (D:5)
  4 gnolls (D:8)
  4 adders
  2 shadow imps (D:7)
  A white imp (D:7)
  An ufetubus (D:5)
  A worm (D:4)
  26 orcs
  4 endoplasms
  2 giant cockroaches (D:4)
  9 goblins
  8 hobgoblins
  12 jackals
  9 quokkas
  2 ball pythons
  12 bats
  3 frilled lizards (D:1)
  6 kobolds
  4 rats
160 creatures vanquished.

Vanquished Creatures (others)
  An orc (D:6)
  A goblin (D:3)
  A quokka (D:3)
3 creatures vanquished.

Grand Total: 163 creatures vanquished

Notes
Turn   | Place    | Note
-------+----------+-------------------------------------------
     0 | D:5      | drugrobin the Demigod Delver began the quest for the Orb.
     0 | D:5      | Reached XP level 1. HP: 18/18 MP: 3/3
    19 | D:5      | Reached skill level 2 in Long Blades
    26 | D:5      | Noticed a necrophage
   110 | D:5      | Noticed an iguana
   219 | D:5      | Noticed a hound
   270 | D:5      | Found a staircase to the Ecumenical Temple.
   336 | D:5      | Killed a necrophage
   337 | D:5      | Reached skill level 3 in Long Blades
   337 | D:5      | Reached XP level 2. HP: 8/25 MP: 4/4
   337 | D:5      | Reached XP level 3. HP: 9/30 MP: 5/5
   716 | D:5      | Noticed Ijyb
   732 | D:5      | Reached skill level 4 in Long Blades
   732 | D:5      | Reached XP level 4. HP: 26/37 MP: 6/6
  2372 | D:3      | Reached skill level 5 in Long Blades
  2501 | D:3      | Reached XP level 5. HP: 36/42 MP: 7/7
  3244 | D:4      | Learned a level 2 spell: Blink
  3364 | D:3      | Reached skill level 6 in Long Blades
  3371 | D:3      | Reached XP level 6. HP: 16/50 MP: 8/8
  4521 | D:6      | Reached skill level 7 in Long Blades
  4780 | D:6      | Found Diecraw's Antique Armour Shoppe.
  4810 | D:6      | Bought a pair of pitted gloves for 275 gold pieces
  4810 | D:6      | Identified the +1 pair of gloves of Conscience {rF+ Stlth+}
                  | (You bought it in a shop on level 6 of the Dungeon)
  4847 | D:6      | Reached XP level 7. HP: 39/56 MP: 9/9
  5071 | D:6      | Reached skill level 8 in Long Blades
  5313 | D:6      | Noticed a steam dragon
  5323 | D:6      | Killed a steam dragon
  5560 | D:6      | Reached skill level 9 in Long Blades
  5938 | D:6      | HP: 1/84 [sky beast (6)]
  5945 | D:6      | Reached XP level 8. HP: 4/62 MP: 10/10
  6429 | D:5      | Killed Ijyb
  6540 | D:7      | Identified a scroll of acquirement
  6541 | D:7      | Acquired a +3 double sword of holy wrath
  6882 | D:7      | Reached skill level 10 in Long Blades
  7574 | D:8      | Noticed a two-headed ogre
  7598 | D:8      | Killed a two-headed ogre
  7599 | D:8      | Reached skill level 11 in Long Blades
  7599 | D:8      | Reached XP level 9. HP: 60/68 MP: 11/11
  7829 | D:8      | Reached skill level 12 in Long Blades
  8641 | D:9      | HP: 3/68 [something (2)]
  8642 | D:9      | Slain by an unseen horror

Illustrated notes

Levels and vault maps discovered:
D:1:      matt_arrival_grand_opening, layout_loops_ring,
          minmay_misc_feat_more_columns, dk_noncrumbling_3,
          chequers_serial_rivers_micro_c
D:2:      layout_rooms
D:3:      layout_loops_ring, xom_confusion_cloud,
          nemelex_xobeh_ov_fountains_minmay, minmay_overflow_temple_star_quad
D:4:      layout_cave_pools, nrook_campfire
D:5:      layout_basic, minmay_temple_entry_large_hall, uniq_ijyb
D:6:      layout_loops_cross, serial_shops, shop
D:7:      layout_cave_pods, mainiacjoe_overflow_surrounded_room, feat_on_display
D:8:      layout_loops_cross
D:9:      layout_loops_ring, lemuel_round_altar, david_lair_generic,
          serial_shops, nicolae_shop_trees, nicolae_shop_window_shopping, shop,
          shop, nicolae_inconvenience_store, st_stairs_8, uniq_pikel,
          uniq_harold

Skill      XL: |  1  2  3  4  5  6  7  8  9 |
---------------+----------------------------+-----
Long Blades    | 3 4 5 6 7 9 11 12 | 12.6
Fighting       | |  2.6
Dodging        | |  1.7
Stealth        | |  4.5

Action                   |  1- 3 |  4- 6 |  7- 9 || total
-------------------------+-------+-------+-------++-------
Melee: Falchion          |    16 |   420 |   128 ||   564
       Punch             |       |     7 |     5 ||    12
       Unarmed           |       |       |    17 ||    17
       Double sword      |       |       |   121 ||   121
 Fire: Sling             |       |     5 |       ||     5
       Arbalest          |       |       |    10 ||    10
Throw: Stone             |     3 |    17 |    11 ||    31
       Dart              |       |       |     5 ||     5
Evoke: Wand              |       |     2 |     3 ||     5
  Use: Potion            |       |     4 |     2 ||     6
       Scroll            |       |       |     6 ||     6
 Stab: Sleeping          |       |    17 |     5 ||    22
       Invisible         |       |     3 |       ||     3
Armor: Leather armour    |     5 |   141 |    77 ||   223
       Skin              |       |       |    16 ||    16
Dodge: Dodged            |     9 |   313 |   147 ||   469

Table legend: (Time is in decaauts)
 A = Elapsed time spent in this place.
 B = Non-inter-level travel time spent in this place.
 C = Inter-level travel time spent in this place.
 D = Time resting spent in this place.
 E = Time spent auto-exploring this place.
 F = Levels seen in this place.
 G = Mean time per level.
                   A        B        C        D        E       F      G
               +--------+--------+--------+--------+--------+-----+--------+
         Total |   8643 |   8184 |    459 |   1392 |   4474 |   9 |  960.3 |
       Dungeon |   8643 |   8184 |    459 |   1392 |   4474 |   9 |  960.3 |
               +--------+--------+--------+--------+--------+-----+--------+

Top non-repeatable levels by time:
     D:5: 1911 daAuts
     D:6: 1624 daAuts
     D:7: 1060 daAuts
     D:8: 1036 daAuts
     D:4: 937 daAuts
     D:3: 790 daAuts
     D:1: 758 daAuts
     D:2: 488 daAuts
     D:9: 35 daAuts
